 Dungeon Crawl Stone Soup version 0.28.0-43-g3370ac3207 (webtiles) character file.

Game seed: 14201449863338388985

3031 smarlow the Thaumaturge (level 10, -7/67 HPs)
             Began as a Djinni Conjurer on Mar 3, 2022.
             Was an Initiate of Makhleb.
             Mangled by an unseen horror (8 damage)
             ... on level 7 of the Dungeon.
             The game lasted 00:18:08 (9725 turns).

smarlow the Thaumaturge (Djinni Conjurer)           Turns: 9725, Time: 00:18:08

Health: -7/67      AC:  2    Str:  6    XL:     10   Next: 10%
Gold:   264        EV: 13    Int: 24    God:    Makhleb [......] SH:  0 Dex: 12

rFire   + + .      SeeInvis .   (no weapon)
rCold   x . .      Faith    .   (no shield)
rNeg    . . .      Spirit   .   a - +0 robe
rPois   ∞          Reflect  .   (no helmet)
rElec   .          Harm     .   (no cloak)
rCorr   .          Rampage  .   (no gloves)
Will    +....                   (boots unavailable)
Stlth   ++........              (no amulet)
HPRegen 0.21/turn               (no ring)
MPRegen 0.00/turn               (no ring)

@: about to teleport, flying
A: sickness immunity, fire resistance 2, cold vulnerability 1, float, innate
caster, HP casting, extra vitality 1
a: Renounce Religion


You were on level 7 of the Dungeon.
You worshipped Makhleb.
Makhleb was noncommittal.
You visited 2 branches of the dungeon, and saw 8 of its levels.

You collected 264 gold pieces.

Inventory:

Armour
 a - a +0 robe (worn)
 e - the +4 chain mail of the Abyss {Regen+ Str+6 Int-3 Dex-4}
   (You found it on level 2 of the Dungeon)

   Str:       It affects your strength (+6).
   Int:       It affects your intelligence (-3).
   Dex:       It affects your dexterity (-4).
   Regen:     It increases your rate of health regeneration.
Wands
 o - a wand of digging (3)
 p - a wand of charming (10)
Scrolls
 g - 3 scrolls of fog
 h - 2 scrolls of silence
 i - 2 scrolls of fear
 j - a scroll of teleportation
 l - a scroll of identify
Potions
 b - a potion of heal wounds {unknown}
 c - a potion of resistance {unknown}
 d - a potion of degeneration {unknown}
 f - 2 potions of haste
 k - 2 potions of attraction
 m - a potion of might
 n - a potion of flight {unknown}
 r - a potion of cancellation {unknown}


   Skills:
 + Level 3.0 Fighting
 * Level 7.2 Armour
 + Level 4.0 Dodging
 - Level 1.9 Stealth
 * Level 8.5 Spellcasting


You had 3 spell levels left.
You knew the following spells:

 Your Spells              Type           Power      Damage    Failure   Level
a - Magic Dart            Conj           100%       1d8       1%          1
b - Searing Ray           Conj           100%       2d8       1%          2
c - Dazzling Flash        Conj/Hex       100%       N/A       1%          3
d - Fulminant Prism       Conj/Hex       25%        3d14      1%          4
e - Iskenderun's Mystic   Conj/Tloc      50%        2d11      1%          4
f - Shock                 Conj/Air       100%       1d9       1%          1
g - Wereblood             Tmut           50%        N/A       1%          2
h - Swiftness             Air            50%        N/A       1%          3
i - Tukima's Dance        Hex            50%        N/A       1%          3
Your spell library was empty.

Dungeon Overview and Level Annotations

Branches:
Dungeon (7/15)             Temple (1/1) D:7

Altars:
Cheibriados
Dithmenos
Elyvilon
Gozag
Makhleb
Nemelex Xobeh
Okawaru
Qazlal
Ru
Lugonu

Shops:
D:1 ([===

Annotations:
D:6 3 runed translucent doors
D:7 Dowan


Innate Abilities, Weirdness & Mutations

You are immune to sickness and miasma.
You are immune to poison.
Your flesh is very heat resistant. (rF++)
You are vulnerable to cold. (rC-)
You float through the air rather than walking.
You learn spells naturally, not from books.
Your magical power is your life essence.
You have superior vitality. (+4 MHP)


Message History

Search for what [Enter for "see", or ? for help]? staff Search for what [Enter for "staff", or ? for help]? artifact You see here a +0 robe. 2 two-headed ogres come into view.
The two-headed ogre shouts in stereo! x2
You hit the two-headed ogre but do no damage.
The two-headed ogre hits you with a +0 giant spiked club!!
The two-headed ogre hits you with a +0 giant club!
Casting: Iskenderun's Mystic Blast (dangerous; 1% risk of failure)
Confirm with . or Enter, or press ? or * to list all spells.
You erupt in a blast of force!
The mystic blast hits the two-headed ogre!
The two-headed ogre is moderately wounded.
The two-headed ogre is knocked back by the mystic blast.
The two-headed ogre slams into the stone wall!
The two-headed ogre is moderately wounded.
Something shouts, "Remove thy stench, thou grime-gilt pigeon-egg blabberskite!"
Something hits you but does no damage.
Deactivating autopickup; reactivate with Ctrl-A.
Something hits you!
* * * LOW HITPOINT WARNING * * *
Casting: Iskenderun's Mystic Blast (dangerous; 1% risk of failure)
Confirm with . or Enter, or press ? or * to list all spells.
You can't see any susceptible monsters within range! (Use Z to cast anyway.)
Casting: Iskenderun's Mystic Blast (dangerous; 1% risk of failure)
Confirm with . or Enter, or press ? or * to list all spells.
You erupt in a blast of force!
The mystic blast hits something!
* * * LOW HITPOINT WARNING * * *
Something hits you.
* * * LOW HITPOINT WARNING * * *
As you read the scroll of fear, it crumbles to dust.
You assume a fearsome visage.
The two-headed ogre looks frightened! x2
Something hits you!
* * * LOW HITPOINT WARNING * * *
Okay, then.
As you read the scroll of teleportation, it crumbles to dust.
You feel strangely unstable. Something hits you.
* * * LOW HITPOINT WARNING * * *
Something hits you!
You die...

........#.. ...[.......
.. ..............
......#####.## ###
......###.....###..
......##.......##.#
......#...# #...#.#
......#..##.##..#.#
...........#....@.#
.#....#.[##.##..#{#
......#...#.#...#O#
..>>..##.......##O#
...#.)###.....###.....O..
##.#..#####$#########.###
...#............
................
..##............


You could see 2 two-headed ogres.

Vanquished Creatures
  A two-headed ogre (D:5)
  2 steam dragons (D:7)
  Menkaure (D:5)
  A water moccasin (D:5)
  An orc warrior (D:7)
  2 sky beasts
  3 necrophages (D:6)
  2 ogres
  A black bear (D:6)
  A centaur (D:6)
  A phantom (D:5)
  A bullfrog (D:6)
  A gnoll sergeant (D:5)
  A scorpion (D:5)
  2 water moccasin skeletons (D:6)
  A centaur zombie (D:6)
  4 hounds
  A bullfrog skeleton (D:6)
  6 orc priests (D:4)
  2 iguanas
  2 jellies
  2 orc wizards (D:4)
  A hound zombie (D:5)
  3 gnolls (D:5)
  7 adders
  2 white imps (D:7)
  3 worms
  15 orcs
  12 ball pythons
  10 endoplasms
  A giant cockroach (D:1)
  6 goblins
  3 hobgoblins
  2 jackals (D:4)
  5 kobolds
  3 quokkas
  10 bats
  2 frilled lizards
  4 rats
128 creatures vanquished.

Vanquished Creatures (others)
  8 fulminant prisms
  2 fungi (D:6)
  21 plants (D:5)
31 creatures vanquished.

Grand Total: 159 creatures vanquished

Notes
Turn   | Place    | Note
-------+----------+-------------------------------------------
     0 | D:1      | smarlow the Djinni Conjurer began the quest for the Orb.
     0 | D:1      | Reached XP level 1. HP: 15/15 MP: 0/0
   488 | D:1      | Reached XP level 2. HP: 17/21 MP: 0/0
   561 | D:1      | Found Cariklan's Jewellery Boutique.
   807 | D:1      | Found Ickety's Jewellery Boutique.
  1086 | D:1      | Reached XP level 3. HP: 20/25 MP: 0/0
  1086 | D:1      | Learned a level 1 spell: Shock
  1232 | D:1      | Found Texix's Jewellery Emporium.
  1430 | D:1      | Found Warch's Weapon Emporium.
  1450 | D:1      | Found Pukuisch's Armour Shop.
  2090 | D:2      | Reached skill level 4 in Spellcasting
  2090 | D:2      | Reached XP level 4. HP: 25/31 MP: 0/0
  2214 | D:2      | Identified the +4 chain mail of the Abyss {Regen+ Str+6
                  | Int-3 Dex-4}
  3712 | D:4      | Reached skill level 1 in Armour
  3712 | D:4      | Reached XP level 5. HP: 29/35 MP: 0/0
  3712 | D:4      | Learned a level 2 spell: Wereblood
  4048 | D:4      | Noticed an ogre
  4060 | D:3      | Killed an ogre
  4145 | D:4      | Reached XP level 6. HP: 24/40 MP: 0/0
  4381 | D:4      | Reached skill level 5 in Spellcasting
  5357 | D:4      | Reached XP level 7. HP: 40/45 MP: 0/0
  5357 | D:4      | Learned a level 3 spell: Swiftness
  6102 | D:5      | Entered Level 5 of the Dungeon
  6206 | D:5      | Noticed Menkaure
  6433 | D:5      | Reached skill level 6 in Spellcasting
  6557 | D:5      | Found an opulent altar of Gozag.
  6561 | D:5      | Noticed a two-headed ogre
  6577 | D:5      | Killed a two-headed ogre
  6578 | D:5      | Reached skill level 5 in Armour
  6578 | D:5      | Reached skill level 7 in Spellcasting
  6578 | D:5      | Reached XP level 8. HP: 7/50 MP: 0/0
  6863 | D:5      | Killed Menkaure
  6864 | D:5      | Reached XP level 9. HP: 46/55 MP: 0/0
  6864 | D:5      | Learned a level 3 spell: Tukima's Dance
  7176 | D:5      | Found a shadowy altar of Dithmenos.
  7330 | D:5      | Reached skill level 1 in Fighting
  7998 | D:6      | HP: 1/57 [centaur/arrow (14)]
  8324 | D:6      | Reached skill level 8 in Spellcasting
  8764 | D:6      | Found a runed translucent gate.
  8764 | D:6      | Found a runed translucent gate.
  8764 | D:6      | Found a runed translucent gate.
  9137 | D:7      | Reached XP level 10. HP: 42/65 MP: 0/0
  9565 | D:7      | Found a staircase to the Ecumenical Temple.
  9591 | Temple   | Entered the Ecumenical Temple
  9660 | Temple   | Became a worshipper of Makhleb the Destroyer
  9693 | D:7      | Noticed Dowan
  9717 | D:7      | Noticed a two-headed ogre
  9717 | D:7      | Noticed a two-headed ogre
  9724 | D:7      | HP: 2/67 [something (7)]
  9725 | D:7      | Mangled by an unseen horror

Illustrated notes

Levels and vault maps discovered:
D:1:      dpeg_arrival_brainrot, layout_basic, serial_shops, shop,
          nicolae_square_shop, shop_statue, nicolae_shop_hallway_stairs, shop,
          chequers_serial_rivers_small_a
D:2:      layout_basic
D:3:      layout_loops_cross
D:4:      layout_cave_pods, serial_co_window_serial, co_window_corner_a,
          co_window_corner_a, co_window_corner_a, co_window_corner_a,
          co_window_paths_b, co_window_paths_a, co_window_broadway_a,
          co_window_broadway_a, co_window_corner_b, co_window_2corner,
          co_window_4corner_a, co_window_paths_d
D:5:      layout_cave_pods, grunt_dithmenos_smoke,
          mainiacjoe_overflow_cross_hatched, hangedman_decor_opposing,
          uniq_menkaure
D:6:      layout_loops_ring, kennysheep_mini_moat,
          mainiacjoe_overflow_surrounded_room, gammafunk_ghost_icy,
          serial_aquarium, aquarium_bridge_straight [aquarium_subvault_bridge,
          aquarium_subvault_window, aquarium_subvault_bridge,
          aquarium_subvault_window], aquarium_window_1, aquarium_window_corner,
          aquarium_view_2e, aquarium_pool_1, st_stairs_3, minmay_between,
          uniq_edmund
D:7:      minmay_the_grid_plus [minmay_the_grid_odd_star,
          minmay_the_grid_outer_diamond, minmay_the_grid_armoury,
          minmay_the_grid_plusring, minmay_the_grid_prize_shrinking_boxes],
          layout_rooms, gammafunk_temple_overflow_claw,
          minmay_temple_entry_stoned_glass, amcnicky_mini_pool_small,
          uniq_duvessa
Temple:   corrupted_temple

Skill      XL: |  1  2  3  4  5  6  7  8  9 10 |
---------------+-------------------------------+-----
Spellcasting   | 4 5 7 8 |  8.5
Armour         | 1 2 5 7 |  7.2
Fighting       | 2 3 |  3.0
Dodging        | 3 4 |  4.0
Stealth        | |  1.9

Action                   |  1- 3 |  4- 6 |  7- 9 | 10-12 || total
-------------------------+-------+-------+-------+-------++-------
Melee: Unarmed           |       |       |       |     1 ||     1
 Cast: Magic Dart        |    70 |    92 |   128 |    13 ||   303
       Fulminant Prism   |       |     3 |     5 |       ||     8
       Searing Ray       |       |     3 |    13 |     4 ||    20
       Iskenderun's Myst |       |     2 |    24 |     7 ||    33
       Tukima's Dance    |       |       |     2 |       ||     2
  Use: Scroll            |       |       |     9 |     2 ||    11
Armor: Robe              |     1 |     3 |       |     1 ||     5
Dodge: Dodged            |     2 |    14 |     9 |       ||    25
